 Dungeon Crawl Stone Soup version 0.14.0-9-g9c5475a (webtiles) character file.

556284 HungrySpirit the Conqueror (level 26, -3/193 HPs)
             Began as a Gargoyle Fighter on Apr 14, 2014.
             Was a High Priest of Okawaru.
             Hit by a large rock thrown by a stone giant (26 damage)
             ... on Level 5 of the Vaults.
             The game lasted 04:07:55 (73481 turns).

HungrySpirit the Conqueror (Gargoyle Fighter)      Turns: 73481, Time: 04:07:55

HP  -3/193       AC 66     Str 34      XL: 26   Next: 33%
MP   0/35        EV  8     Int 15      God: Okawaru [*****.]
Gold 4662        SH  0     Dex  9      Spells:  0 memorised, 25 levels left

rFire  + + +     SeeInvis +     b - +5,+7 great mace "Naq Moru" {pain, +Inv rF++ SInv}
rCold  + + .     Clarity  .     O - +9 crystal plate armour of Wued Ucy {MR++}
rNeg   + + +     Conserve .     (no shield)
rPois  +         rCorr    .     o - +2 hat of Forking Paths {Spirit, rC+}
rElec  +         rRot     +     W - +2 cloak of Faveog {+Inv rElec Int+1 Dam+3 SInv}
SustAb . .       Spirit   +     g - +0 pair of gloves of Levity {Str+3 Int+4}
rMut   +         Warding  .     E - -2 pair of boots "Ireeno Gamo" {+Inv rF+ rN+}
Saprov . . .     Stasis   .     q - amulet of resist mutation
MR     +++..                    n - ring of Shadows {Umbra +Inv rN+ SInv}
                                R - ring of protection from cold

@: very slightly contaminated, wreathed by umbra, extremely resistant to hostile
enchantments, extremely unstealthy
A: able to fly continuously, antennae 1, large and strong wings, life protection
1, electricity resistance, unbreathing, petrification resistance, AC +19
a: Fly, Heroism, Finesse, Renounce Religion, Evoke Invisibility
}: 3/15 runes: barnacled, slimy, gossamer


You were on level 5 of the Vaults.
You worshipped Okawaru.
Okawaru was extremely pleased with you.
You were not hungry.

You visited 11 branches of the dungeon, and saw 58 of its levels.
You visited the Abyss 1 time.
You also visited: Labyrinth, Bailey and Volcano.

You collected 6695 gold pieces.
You spent 2033 gold pieces at shops.

Inventory:

Hand weapons
 b - the +5,+7 great mace "Naq Moru" (weapon) {pain, +Inv rF++ SInv}
   (Okawaru gifted it to you on level 3 of the Lair of Beasts)

   In the hands of one skilled in necromantic magic, it inflicts extra damage on
   living creatures.
   It greatly protects you from fire.
   It enhances your eyesight.
   It lets you turn invisible.
 X - a +6,+7 great mace
Armour
 g - the +0 pair of gloves of Levity (worn) {Str+3 Int+4}
   (Okawaru gifted it to you on level 3 of the Elven Halls)

   It affects your strength (+3).
   It affects your intelligence (+4).
 o - the +2 hat of Forking Paths (worn) {Spirit, rC+}
   (Okawaru gifted it to you on level 3 of the Vaults)

   It protects you from cold.
 v - a gold dragon hide
 E - the -2 pair of boots "Ireeno Gamo" (worn) {+Inv rF+ rN+}
   (Okawaru gifted it to you on level 4 of the Depths)

   It protects you from fire.
   It protects you from negative energy.
   It lets you turn invisible.
 O - the +9 crystal plate armour of Wued Ucy (worn) {MR++}
   (Okawaru gifted it to you on level 2 of the Vaults)

   It affects your resistance to hostile enchantments.
 Q - the +3 cloak of Flash {+Fly EV+4}
   (You bought it in a shop on level 3 of the Shoals)

   It affects your evasion (+4).
   It lets you fly.
 W - the +2 cloak of Faveog (worn) {+Inv rElec Int+1 Dam+3 SInv}
   (You found it on level 3 of the Depths)

   It affects your intelligence (+1).
   It affects your damage with ranged weapons and melee attacks (+3).
   It insulates you from electricity.
   It enhances your eyesight.
   It lets you turn invisible.
Magical devices
 a - a wand of digging (11)
 k - a wand of lightning (2)
 u - a wand of fire (9)
 D - a wand of disintegration (16)
 G - a wand of digging (5)
 J - a wand of hasting (8)
Comestibles
 d - 24 bread rations
 z - 2 meat rations
 A - a choko
Scrolls
 f - a scroll of magic mapping
 h - 4 scrolls of identify
 j - a scroll of remove curse
 y - a scroll of enchant armour
Jewellery
 c - an uncursed ring of protection from cold
 n - the ring of Shadows (right hand) {Umbra +Inv rN+ SInv}
   (You took it off a deep elf high priest on level 3 of the Elven Halls)

   [ring of invisibility]

   It protects you from negative energy.
   It enhances your eyesight.
 q - an amulet of resist mutation (around neck)
 r - an uncursed ring of sustain abilities
 t - the brooch of Shielding {Ward AC+4 EV+4}
   (You found it on level 6 of the Pits of Slime)

   [amulet of warding]

   It affects your AC (+4).
   It affects your evasion (+4).
 x - the ring "Strakhlyuxt" {SustAb rF+}
   (You found it on level 5 of the Vaults)

   [ring of sustain abilities]

   It protects you from fire.
 B - the amulet of Night {Stasis Int+3, unknown}
   (You took it off a deep elf priest on level 5 of the Vaults)

   [amulet of stasis]

   It affects your intelligence (+3).
 R - a ring of protection from cold (left hand)
 S - an uncursed ring of teleportation
 T - an uncursed amulet of resist corrosion
 V - an uncursed ring of protection from fire
 Z - an uncursed ring of teleport control
Potions
 e - a potion of might
 i - 5 potions of curing
 l - 3 potions of restore abilities
 p - a potion of agility
 s - a potion of magic
 w - a potion of mutation
 C - 2 potions of berserk rage
 N - a potion of porridge


   Skills:
 O Level 27 Fighting
 - Level 26.0 Maces & Flails
 + Level 24.7 Armour
   Level 3.2 Shields
 + Level 9.6 Invocations


You had 25 spell levels left.
You didn't know any spells.

Dungeon Overview and Level Annotations

Branches:
Dungeon (15/15)            Temple (1/1) D:4             Orc (4/4) D:12
    Elf (3/3) Orc:4          Lair (8/8) D:10         Shoals (5/5) Lair:4
 Spider (5/5) Lair:5        Slime (6/6) Lair:6       Vaults (5/5) D:13
  Blade (1/1) Vaults:3      Crypt (0/5) Vaults:3        Zot (0/5) Depths:5
 Depths (5/5) D:15

Altars:
Ashenzari
Cheibriados
Dithmenos
Elyvilon
Fedhas
Kikubaaqudgha
Makhleb
Nemelex Xobeh
Okawaru
Sif Muna
Trog
Vehumet
Xom
Yredelemnul
Zin
The Shining One
Beogh
Jiyva

Shops:
Orc:1 *   Orc:2 (   Orc:4 (%*!   Elf:1 (   Shoals:2 *   Shoals:3 [   Shoals:4 *
Vaults:1 !   Vaults:4 }

Portals:
Hell: Depths:1 Depths:2 Depths:3 Depths:4 Depths:5
Abyss: D:14 Depths:1 Depths:3 Depths:4 Depths:5
Pandemonium: Depths:3
Ziggurat: Depths:4


Innate Abilities, Weirdness & Mutations

You are resistant to torment.
You are immune to poison.
You are immune to rotting.
You can fly continuously.
Your stone body is very resilient (AC +19).
Your wings are large and strong.
You resist negative energy.
You are resistant to electric shocks.
You can survive without breathing.
You are immune to petrification.
You have a pair of small antennae on your head.


Message History

The red devil disappears in a puff of smoke!
The deep elf high priest shoots a poisoned arrow.
The poisoned arrow hits you!
The tengu reaver gestures at you while chanting.
The bolt of lightning hits you! You resist.
* * * LOW HITPOINT WARNING * * *
The tengu reaver gestures at you while chanting.
A boring beetle comes into view.
The boring beetle twitches its antennae in your direction.
The boring beetle changes into a brown ooze!
The stone giant shouts!
The brown ooze changes into a basilisk!
The stone giant throws a large rock.
The large rock hits you!
* * * LOW HITPOINT WARNING * * *
You see here a large rock.
The stone giant throws a large rock.
The large rock hits you!
You see here a large rock.
The basilisk hisses menacingly.
The stone giant throws a large rock.
The large rock hits you!
You die...

.#.#.#.#.#|#.#.#.#....# .##
#.#.#.#.#.#.#.#.##....# ..
.#.#.#.#ยง#.#.#.#.#....# #..
#.#.#.#.#.#H#.#.#.....##..
.#.#.#)#.#.#.#.#......#..#
#.#.#.#.#.#.#.#..........#
##############(.........#########
..........(.....(..()...(...
...........@..<<[[(.......(.
.............<[)<[[....)....
.....C.?..l..<<[[).........
##########...))[..#########
.........)[..........#
......#..)[#..........
###..#....#..#####...
#..#....#..###..#..
#..#....#..##)...#.


You could see a stone giant, a tengu reaver and a basilisk shaped shifter.

Vanquished Creatures
  the royal jelly (Slime:6)
  Dissolution (Slime:5)
  Mara (twice) (Shoals:5)
  A golden dragon (Vaults:5)
  Jory (Depths:3)
  Frederick (Blade)
  the Enchantress (Depths:5)
  Nikola (Spider:4)
  Arachne (Spider:4)
  7 bone dragons
  Asterion (Elf:2)
  4 tentacled monstrosities
  7 deep elf blademasters (Elf:3)
  A kraken (Shoals:5)
  6 deep elf master archers (Elf:3)
  3 Executioners (Abyss:1)
  33 acid blobs
  4 storm dragons
  A titan (Depths:3)
  6 liches
  3 quicksilver dragons
  3 tentacled starspawn (Abyss:1)
  A daeva (Depths:4)
  2 sphinxes
  5 shadow dragons
  Roxanne (Spider:4)
  3 tengu reavers
  Ilsuiw (Shoals:5)
  16 azure jellies
  2 frost giants
  Donald (Shoals:5)
  Maud (Lair:6)
  12 deep elf sorcerers
  2 octopode crushers
  A cacodemon (Abyss:1)
  An iron dragon (Depths:3)
  7 fire giants
  3 ghost moths (Spider:5)
  16 vault wardens
  7 emperor scorpions
  A ghost moth (shapeshifter) (Vaults:5)
  2 war gargoyles
  Jorgrun (Spider:2)
  4 spriggan defenders
  A balrug (Depths:5)
  10 deep elf demonologists
  5 rakshasas
  11 stone giants
  2 green draconians
  A draconian caller (Depths:5)
  A black draconian (shapeshifter) (Vaults:4)
  A black draconian (Depths:5)
  10 deep elf annihilators
  A mottled draconian (Depths:5)
  3 dire elephants
  A red draconian (Depths:5)
  5 deep elf death magi
  Snorg (Shoals:4)
  5 merfolk javelineers
  4 death oozes
  2 sirens
  11 merfolk impalers
  7 fire dragons
  The ghost of Broswagonist the Unseen, a powerful VSAs of Dithmenos (Lair:7)
  7 minotaurs
  12 ettins
  4 vault guards
  A quicksilver dragon zombie (Abyss:1)
  A spectral tengu (Vaults:4)
  11 deep elf high priests
  Fannar (Orc:3)
  4 great orbs of eyes
  23 dancing weapons
  18 ironheart preservers
  8 ice dragons
  13 yaktaur captains
  14 small abominations
  2 hydras
  2 ravenous feature mimics
  An alligator snapping turtle (Shoals:5)
  8 deep troll earth magi
  Erica (D:15)
  15 ogre magi
  5 spriggan air magi
  20 death yaks
  4 tengu warriors
  A thrashing horror (Abyss:1)
  7 merfolk aquamancers (Shoals:5)
  A spectral elf (Elf:3)
  3 spriggan berserkers
  6 deep troll shamans
  5 orc high priests
  15 hell knights
  A shock serpent (shapeshifter) (Depths:5)
  A vampire mage (Depths:3)
  10 very ugly things
  Nergalle (Lair:1)
  3 giant orange brains
  2 catoblepae
  10 centaur warriors
  4 wretched stars (Abyss:1)
  3 shadow wraiths (Vaults:3)
  3 fire crabs
  8 iron trolls
  18 orb spiders
  4 salamander mystics (Depths:3)
  6 skeletal warriors (Vaults:2)
  A spatial maelstrom (Abyss:1)
  A sea snake (shapeshifter) (Vaults:2)
  23 deep trolls
  16 deep elf knights
  15 large abominations
  13 hill giants
  6 water nymphs
  8 deep elf summoners
  2 flayed ghosts
  9 sea snakes
  A giant orange brain (shapeshifter) (Vaults:4)
  A swamp dragon (shapeshifter) (Depths:3)
  2 wizards
  11 ironbrand convokers
  A sphinx zombie (Depths:2)
  8 fauns
  7 orc knights
  9 deep elf conjurers
  17 harpies
  A hellion (Elf:3)
  5 necromancers
  A water nymph (shapeshifter) (Vaults:1)
  11 manticores
  2 red wasps (shapeshifter)
  3 shining eyes
  32 wolf spiders
  A stone giant zombie (Depths:2)
  A mana viper (shapeshifter) (Vaults:4)
  4 salamanders
  5 orc sorcerers
  A sphinx skeleton (Depths:2)
  3 red wasps (Spider:5)
  16 griffons
  12 cyclopes
  9 mermaids
  62 slime creatures
  6 sixfirhies
  18 elephants
  4 phantasmal warriors
  3 moths of wrath
  A dire elephant zombie (Depths:4)
  2 octopodes (shapeshifter)
  A worldbinder (Abyss:1)
  5 black mambas
  2 elephants (shapeshifter)
  An eye of devastation (Slime:4)
  17 vault sentinels
  A tormentor (Elf:3)
  5 smoke demons (Abyss:1)
  8 spiny frogs
  3 orange demons (Abyss:1)
  A fire drake (shapeshifter) (D:15)
  Psyche (D:13)
  5 gargoyles
  3 kobold demonologists
  55 yaktaurs
  A vapour (Abyss:1)
  An efreet (D:15)
  4 fire drakes
  4 hellwings
  26 demonic crawlers
  3 tengu conjurers
  2 blue devils
  14 jumping spiders
  2 iron devils
  2 red devils
  9 trolls
  2 spriggan druids (Lair:8)
  2 ancient zymes (Abyss:1)
  8 giant fireflies
  A boggart (Depths:3)
  A hydra zombie (D:11)
  6 komodo dragons
  25 deep elf priests
  A yaktaur (shapeshifter) (Depths:4)
  A polar bear (Lair:7)
  6 freezing wraiths
  31 merfolk
  26 two-headed ogres
  A blink frog (shapeshifter) (D:13)
  2 fire giant simulacra
  A fire dragon zombie (Depths:4)
  17 snapping turtles
  A trapdoor spider zombie (D:13)
  7 grizzly bears
  An ettin zombie (Abyss:1)
  6 raiju (Abyss:1)
  A queen bee (Depths:3)
  5 deep troll zombies
  3 ravens
  2 boulder beetles
  A griffon zombie (D:15)
  A sphinx simulacrum (Vaults:3)
  A slime creature (shapeshifter) (D:15)
  5 basilisks
  2 wind drakes (shapeshifter)
  26 brown oozes
  A basilisk (shapeshifter) (Elf:1)
  19 blink frogs
  A flying skull (Abyss:1)
  28 tarantellas
  45 redbacks
  5 air elementals (Depths:3)
  12 spriggans
  36 deep elf magi
  A spriggan (shapeshifter) (Depths:4)
  22 water elementals
  A fire bat (Abyss:1)
  A spriggan skeleton (Depths:1)
  2 tarantellas (shapeshifter)
  9 trapdoor spiders
  5 ynoxinuls
  An elephant slug (Lair:4)
  17 sharks
  75 ugly things
  8 golden eyes (Slime:3)
  A human (D:11)
  47 yaks
  39 deep elf fighters
  A shadow (D:15)
  3 wyverns
  A fire elemental (Lair:7)
  2 steam dragons
  An elf skeleton (Depths:2)
  3 hungry ghosts
  2 chaos spawn (Abyss:1)
  3 neqoxecs (Abyss:1)
  11 hippogriffs
  2 necrophages
  2 ogre zombies
  A naga (shapeshifter) (Depths:3)
  33 wolves
  4 wargs
  A mottled dragon (D:13)
  12 vampire mosquitoes
  8 porcupines
  4 ice beasts
  5 water moccasins
  6 yellow wasps
  A swamp drake (Lair:1)
  24 orc warriors
  6 sky beasts
  25 spiders
  An elf zombie (Depths:4)
  55 ogres
  8 giant goldfish
  6 black bears
  A phantom (D:4)
  21 centaurs
  5 big kobolds
  12 crocodiles
  A boring beetle (Spider:3)
  21 giant frogs
  15 giant slugs
  A brain worm (shapeshifter) (Vaults:5)
  4 gnoll sergeants (D:8)
  2 lava worms (Lair:7)
  6 scorpions
  24 killer bees
  5 insubstantial wisps
  A warg zombie (Vaults:3)
  9 eyes of draining
  A pulsating lump (Slime:6)
  5 electric eels
  5 quasits (Abyss:1)
  A centaur zombie (D:5)
  10 crimson imps
  6 goliath beetles
  A wight (Abyss:1)
  3 lava snakes (Lair:7)
  13 jellies
  A human simulacrum (Vaults:1)
  10 starcursed masses (Abyss:1)
  15 hounds
  An iron imp (Abyss:1)
  3 gnoll shamans (D:8)
  47 orc priests
  8 iguanas
  7 big fish
  9 worker ants
  39 orc wizards
  An orange rat (Elf:1)
  2 mottled dragon skeletons (D:14)
  A mummy (D:15)
  A hound skeleton (D:7)
  Terence (D:2)
  19 adders
  33 gnolls
  40 green rats
  A worker ant zombie (D:9)
  4 orc zombies
  3 giant mites
  2 white imps (Abyss:1)
  6 shadow imps
  A goliath beetle zombie (D:11)
  9 worms
  3 ufetubi (Abyss:1)
  An iguana skeleton (D:8)
  16 giant eyeballs
  10 giant geckos
  6 oozes
  175 orcs
  7 giant cockroaches
  35 hobgoblins
  27 jackals
  45 kobolds
  12 quokkas
  4 ball pythons
  14 bats
  4 giant newts
  46 goblins
  A goblin skeleton (D:4)
  A kobold zombie (D:6)
  22 rats
  9 ballistomycetes
  3 crawling corpses (Elf:3)
  2 plants
  5 starspawn tentacles (Abyss:1)
2764 creatures vanquished.

Vanquished Creatures (others)
  2 tengu reavers (Vaults:5)
  A frost giant (Depths:4)
  2 ironheart preservers
  22 vault guards (Vaults:5)
  An ogre mage (Vaults:2)
  2 orb spiders (Spider:4)
  A sixfirhy (Vaults:5)
  5 drowned souls (Shoals:1)
  A two-headed ogre (Vaults:5)
  A raiju (Abyss:1)
  A water elemental (Depths:4)
  A neqoxec (Vaults:5)
  3 deep elf fighters
  3 spiders
  7 ogres
  An ice beast (Elf:1)
  A brain worm (shapeshifter) (Vaults:5)
  A giant eyeball (Depths:3)
  A bat (D:6)
  2 giant spores
  A crawling corpse (Vaults:4)
  20 fungi
  16 plants
  5 starspawn tentacles (Abyss:1)
  20 starspawn tentacle segments (Abyss:1)
  8 tentacles (Shoals:5)
  A tentacle segment (Shoals:5)
130 creatures vanquished.

Grand Total: 2894 creatures vanquished

Notes
Turn   | Place    | Note
--------------------------------------------------------------
     0 | D:1      | HungrySpirit, the Gargoyle Fighter, began the quest for the Orb.
     0 | D:1      | Reached XP level 1. HP: 14/14 MP: 1/1
   170 | D:1      | Reached XP level 2. HP: 16/19 MP: 2/2
   711 | D:2      | Reached skill level 4 in Maces & Flails
   711 | D:2      | Reached XP level 3. HP: 23/23 MP: 3/3
   973 | D:2      | Reached XP level 4. HP: 28/28 MP: 4/4
  1000 | D:2      | Noticed Terence
  1011 | D:2      | Killed Terence
  1069 | D:2      | Found a burning altar of Makhleb.
  1069 | D:2      | Noticed a balrug
  1133 | D:2      | Reached skill level 5 in Maces & Flails
  1825 | D:3      | Reached XP level 5. HP: 32/32 MP: 5/5
  2526 | D:4      | Reached skill level 6 in Maces & Flails
  3018 | D:4      | Reached XP level 6. HP: 37/37 MP: 6/6
  3325 | D:4      | Reached skill level 7 in Maces & Flails
  3443 | D:4      | Found a staircase to the Ecumenical Temple.
  3469 | Temple   | Entered the Ecumenical Temple
  3546 | Temple   | Became a worshipper of Warmaster Okawaru
  3844 | D:4      | Found a sparkling altar of Nemelex Xobeh.
  4066 | D:4      | Noticed a phantom
  4086 | D:4      | Killed a phantom
  4086 | D:4      | Reached skill level 8 in Maces & Flails
  4086 | D:4      | Reached XP level 7. HP: 36/41 MP: 7/7
  4189 | D:4      | Noticed an ogre
  4753 | D:5      | Entered Level 5 of the Dungeon
  4891 | D:5      | Reached skill level 9 in Maces & Flails
  5118 | D:5      | Acquired Okawaru's first power
  5118 | D:5      | Reached XP level 8. HP: 39/46 MP: 8/8
  5241 | D:5      | Noticed a moth of wrath
  5243 | D:5      | Found a bloodstained altar of Trog.
  5365 | D:5      | Reached skill level 10 in Maces & Flails
  5557 | D:5      | Found a glowing silver altar of Zin.
  6454 | D:6      | Reached skill level 5 in Fighting
  6595 | D:6      | Reached skill level 11 in Maces & Flails
  6785 | D:6      | Reached XP level 9. HP: 55/55 MP: 9/9
  6996 | D:7      | Found a shadowy altar of Dithmenos.
  8067 | D:8      | Reached skill level 12 in Maces & Flails
  8268 | D:8      | Found a snail-covered altar of Cheibriados.
  8442 | D:8      | Reached XP level 10. HP: 63/65 MP: 10/10
  8943 | D:8      | Reached skill level 13 in Maces & Flails
  9706 | D:10     | Entered Level 10 of the Dungeon
  9938 | D:10     | Noticed a hill giant
  9947 | D:10     | Killed a hill giant
  9947 | D:10     | Acquired Okawaru's second power
  9947 | D:10     | Reached skill level 10 in Fighting
 10075 | D:10     | Noticed a hill giant
 10084 | D:10     | Killed a hill giant
 10215 | D:10     | Found a staircase to the Lair.
 10393 | D:10     | Reached XP level 11. HP: 66/74 MP: 11/11
 10408 | D:10     | Reached skill level 14 in Maces & Flails
 10648 | Lair:1   | Entered Level 1 of the Lair of Beasts
 10966 | Lair:1   | Noticed Nergalle
 10981 | Lair:1   | Killed Nergalle
 10983 | Lair:1   | Received a gift from Okawaru
 10986 | Lair:1   | Got a pitted morningstar {god gift}
 10987 | Lair:1   | Identified the +2,+0 morningstar of the Countless Mice {crush, rPois SInv} (Okawaru gifted it to you on level 1 of the Lair of Beasts)
 11453 | Lair:2   | Received a gift from Okawaru
 11699 | Lair:2   | Found a dark tunnel.
 11705 | Lair:2   | Reached skill level 1 in Invocations
 11840 | Volcano  | Entered a volcano
 12011 | Lair:2   | Reached skill level 15 in Maces & Flails
 12109 | Lair:2   | Received a gift from Okawaru
 12567 | Lair:2   | Reached XP level 12. HP: 66/82 MP: 19/19
 13207 | Lair:3   | Reached skill level 5 in Invocations
 13230 | Lair:3   | Noticed a death yak
 13231 | Lair:3   | Noticed a death yak
 13243 | Lair:3   | Noticed a death yak
 13248 | Lair:3   | Noticed a death yak
 13249 | Lair:3   | Killed a death yak
 13265 | Lair:3   | Killed a death yak
 13265 | Lair:3   | Received a gift from Okawaru
 13273 | Lair:3   | Killed a death yak
 13284 | Lair:3   | Killed a death yak
 13286 | Lair:3   | Received a gift from Okawaru
 13426 | Lair:3   | Got a jewelled great mace {god gift}
 13433 | Lair:3   | Identified the +5,+7 great mace "Naq Moru" {pain, +Inv rF++ SInv} (Okawaru gifted it to you on level 3 of the Lair of Beasts)
 13505 | Lair:3   | Reached skill level 16 in Maces & Flails
 14154 | Lair:4   | Found a labyrinth entrance.
 14166 | Lab      | Entered a labyrinth
 14282 | Lab      | Found an exit through the horrors of the Abyss.
 14713 | Lab      | Noticed a minotaur
 14719 | Lab      | Killed a minotaur
 14727 | Lab      | Identified Khufu's Volume of Boosting Evil
 14973 | Lair:4   | Found a staircase to the Shoals.
 15003 | Lair:4   | Received a gift from Okawaru
 15023 | Lair:4   | Reached skill level 17 in Maces & Flails
 15204 | Lair:4   | Reached XP level 13. HP: 71/88 MP: 23/23
 15839 | Lair:5   | Received a gift from Okawaru
 16048 | Lair:5   | Found a hole to the Spider Nest.
 17119 | Lair:6   | Found a viscous altar of Jiyva.
 17121 | Lair:6   | Found a staircase to the Slime Pits.
 17138 | Lair:6   | Noticed Maud
 17172 | Lair:6   | Killed Maud
 17172 | Lair:6   | Reached skill level 18 in Maces & Flails
 17733 | Lair:6   | Received a gift from Okawaru
 18594 | Lair:7   | Noticed Broswagonist's ghost (powerful VSAs)
 18616 | Lair:7   | Killed Broswagonist's ghost
 18616 | Lair:7   | Gained mutation: Your wings are large and strong. [gargoyle growth]
 18616 | Lair:7   | Reached XP level 14. HP: 81/96 MP: 22/24
 18733 | Lair:7   | Reached skill level 19 in Maces & Flails
 19035 | Lair:7   | Received a gift from Okawaru
 19473 | Lair:8   | Entered Level 8 of the Lair of Beasts
 20187 | Lair:8   | Reached skill level 15 in Fighting
 20215 | Lair:8   | Gained mutation: You occasionally shout uncontrollably. [potion of mutation]
 20215 | Lair:8   | Gained mutation: You have a pair of small antennae on your head. [potion of mutation]
 20215 | Lair:8   | Lost mutation: You occasionally shout uncontrollably. [potion of mutation]
 20546 | Lair:8   | Received a gift from Okawaru
 20549 | Lair:8   | Got a steaming steam dragon armour {god gift}
 20566 | Lair:8   | Identified the +5 steam dragon armour of the Doldrums {rElec Dam-2} (Okawaru gifted it to you on level 8 of the Lair of Beasts)
 20645 | Lair:8   | Reached skill level 20 in Maces & Flails
 21374 | Lair:8   | Reached skill level 5 in Armour
 22320 | D:11     | Received a gift from Okawaru
 22476 | D:11     | Reached XP level 15. HP: 91/104 MP: 25/25
 23445 | D:12     | Received a gift from Okawaru
 23503 | D:12     | Found a bloodstained altar of Trog.
 23669 | D:12     | Found a staircase to the Orcish Mines.
 23960 | Orc:1    | Entered Level 1 of the Orcish Mines
 23960 | Orc:1    | Found Miuddol's General Store.
 24116 | Orc:2    | Found Mnegampu's Antique Weapon Boutique.
 25194 | Orc:2    | Found a bloodstained altar of Trog.
 25477 | Orc:3    | Found a burning altar of Makhleb.
 25479 | Orc:3    | Noticed Fannar
 25523 | Orc:3    | Killed Fannar
 25637 | Orc:4    | Entered Level 4 of the Orcish Mines
 26036 | Orc:4    | Found a staircase to the Elven Halls.
 26433 | Orc:4    | Found a roughly hewn altar of Beogh.
 26921 | Orc:4    | Found Ynwul's Food Shoppe.
 26921 | Orc:4    | Found Ifeel's Distillery.
 26921 | Orc:4    | Found Siteufirghu's General Store.
 27031 | Orc:4    | Found Goydioqa's Antique Weapon Shoppe.
 27077 | Orc:4    | Bought a scroll of identify for 28 gold pieces
 27077 | Orc:4    | Bought a potion of heal wounds for 42 gold pieces
 27175 | D:13     | Paralysed by a giant eyeball for 3 turns
 27181 | D:13     | Paralysed by a giant eyeball for 2 turns
 27476 | D:13     | Found a flagged portal.
 27488 | Bailey   | Entered a bailey
 28041 | D:13     | Received a gift from Okawaru
 28110 | D:13     | Noticed Psyche
 28117 | D:13     | Killed Psyche
 28391 | D:13     | Found a gate to the Vaults.
 28597 | D:14     | Reached skill level 10 in Armour
 29468 | D:14     | Found a one-way gate to the infinite horrors of the Abyss.
 29684 | D:15     | Entered Level 15 of the Dungeon
 29748 | D:15     | Reached XP level 16. HP: 83/112 MP: 26/26
 29751 | D:15     | Found a staircase to the Depths.
 29793 | D:15     | Noticed Erica
 29800 | D:15     | Killed Erica
 30385 | D:15     | Found a shimmering altar of Xom.
 30623 | D:15     | Received a gift from Okawaru
 31558 | Spider:1 | Entered Level 1 of the Spider Nest
 31858 | Spider:1 | Received a gift from Okawaru
 33103 | Spider:2 | Noticed Jorgrun
 33120 | Spider:2 | Killed Jorgrun
 33820 | Spider:2 | Received a gift from Okawaru
 35020 | Spider:3 | Received a gift from Okawaru
 35094 | Spider:4 | Noticed Nikola
 35741 | Spider:4 | Reached XP level 17. HP: 116/122 MP: 25/27
 35817 | Spider:5 | Entered Level 5 of the Spider Nest
 35982 | Spider:4 | Killed Nikola
 36233 | Spider:4 | Noticed Roxanne
 36256 | Spider:4 | Noticed Arachne
 36277 | Spider:4 | Killed Arachne
 36474 | Spider:4 | Killed Roxanne
 36476 | Spider:4 | Identified Roxanne's Reference Book on Transformation (You took it off Roxanne on level 4 of the Spider Nest)
 37458 | Spider:5 | Received a gift from Okawaru
 38167 | Spider:5 | Reached skill level 15 in Armour
 38544 | Spider:5 | Got a gossamer rune of Zot
 38790 | Shoals:1 | Entered Level 1 of the Shoals
 39295 | Shoals:1 | Received a gift from Okawaru
 39991 | Shoals:2 | Reached XP level 18. HP: 98/131 MP: 22/27
 40107 | Shoals:2 | Found Jaelep's General Store.
 40114 | Shoals:2 | Bought a scroll of blinking for 142 gold pieces
 40115 | Shoals:2 | Bought a potion of heal wounds for 57 gold pieces
 40115 | Shoals:2 | Bought a potion of curing for 38 gold pieces
 40127 | Shoals:2 | Bought a +5 ring of protection for 1045 gold pieces
 40434 | Shoals:3 | Found Pofegus' Armour Emporium.
 40437 | Shoals:3 | Bought the +3 cloak of Flash {+Fly EV+4} for 681 gold pieces
 40689 | Shoals:4 | Noticed Snorg
 40699 | Shoals:4 | Killed Snorg
 40873 | Shoals:4 | Received a gift from Okawaru
 41321 | Shoals:4 | Found Pahac's General Store.
 41621 | Shoals:5 | Entered Level 5 of the Shoals
 41626 | Shoals:5 | Noticed Ilsuiw
 41663 | Shoals:5 | Reached skill level 21 in Fighting
 42074 | Shoals:5 | Noticed Donald
 42087 | Shoals:5 | Killed Donald
 42112 | Shoals:5 | Received a gift from Okawaru
 42618 | Shoals:5 | Killed Ilsuiw
 43281 | Shoals:5 | Noticed Mara
 43293 | Shoals:5 | Noticed HungrySpirit's illusion
 43312 | Shoals:5 | Killed Mara
 43332 | Shoals:5 | Killed Mara
 43332 | Shoals:5 | Received a gift from Okawaru
 43341 | Shoals:5 | Got a smoking crystal plate armour {god gift}
 43367 | Shoals:5 | Identified the +10 crystal plate armour of Mirth {Dex+4 Int+4} (Okawaru gifted it to you on level 5 of the Shoals)
 43798 | Shoals:5 | Got a barnacled rune of Zot
 43972 | Shoals:5 | Reached XP level 19. HP: 127/139 MP: 26/28
 44676 | Vaults:1 | Entered Level 1 of the Vaults
 45136 | Vaults:1 | Received a gift from Okawaru
 45145 | Vaults:1 | Reached skill level 22 in Fighting
 45174 | Vaults:1 | Got a bloodstained shield {god gift}
 45175 | Vaults:1 | Identified the +1 shield "Plijoih" {rPois rF++ SInv} (Okawaru gifted it to you on level 1 of the Vaults)
 45212 | Vaults:1 | Found Ryoshryo's Distillery.
 46532 | Vaults:2 | Received a gift from Okawaru
 46547 | Vaults:2 | Got an ichor-stained crystal plate armour {god gift}
 46577 | Vaults:2 | Identified the +9 crystal plate armour of Wued Ucy {MR++} (Okawaru gifted it to you on level 2 of the Vaults)
 47209 | Vaults:2 | Identified a scroll of acquirement
 47379 | Vaults:2 | Received a gift from Okawaru
 47741 | Vaults:2 | Reached XP level 20. HP: 147/147 MP: 29/29
 47964 | Vaults:2 | Reached skill level 23 in Fighting
 48558 | Vaults:3 | Received a gift from Okawaru
 48570 | Vaults:3 | Got a heavily runed hat {god gift}
 48574 | Vaults:3 | Identified the +2 hat of Forking Paths {Spirit, rC+} (Okawaru gifted it to you on level 3 of the Vaults)
 48795 | Vaults:3 | Found a staircase to the Hall of Blades.
 48801 | Blade    | Entered the Hall of Blades
 49166 | Vaults:3 | Found a staircase to the Crypt.
 49166 | Vaults:3 | Found a basalt altar of Yredelemnul.
 49167 | Vaults:3 | Found an ancient bone altar of Kikubaaqudgha.
 49532 | Blade    | Noticed Frederick
 49541 | Blade    | Killed Frederick
 50519 | Vaults:4 | Received a gift from Okawaru
 50785 | Vaults:4 | Found a staircase to the Hall of Blades.
 50787 | Vaults:4 | the staircase to the Hall of Blades was a mimic.
 50974 | Vaults:4 | Reached skill level 24 in Fighting
 50974 | Vaults:4 | Reached XP level 21. HP: 156/156 MP: 29/29
 51025 | Vaults:4 | Received a gift from Okawaru
 51221 | Vaults:4 | Found Xootya's Gadget Emporium.
 52134 | Elf:1    | Entered Level 1 of the Elven Halls
 52504 | Elf:1    | Got a dazzling plate armour
 52505 | Elf:1    | Identified the +6 plate armour of the Griffon {Str-2 Int+3} (You found it on level 1 of the Elven Halls)
 52532 | Elf:1    | Found Xot Jaen's Weapon Emporium.
 53074 | Elf:2    | Found a radiant altar of Vehumet.
 53099 | Elf:2    | Noticed Asterion
 53133 | Elf:2    | Killed Asterion
 53144 | Elf:2    | Received a gift from Okawaru
 53628 | Elf:3    | Entered Level 3 of the Elven Halls
 54371 | Elf:3    | Received a gift from Okawaru
 54707 | Elf:3    | Received a gift from Okawaru
 54899 | Elf:3    | Reached skill level 25 in Fighting
 55147 | Elf:3    | Cast into the Abyss (deep elf annihilator)
 55196 | Abyss:1  | Reached XP level 22. HP: 147/147 MP: 30/30
 55827 | Abyss:1  | Found a corrupted altar of Lugonu.
 56083 | Abyss:1  | Received a gift from Okawaru
 56703 | Elf:3    | Escaped the Abyss
 56930 | Elf:3    | Received a gift from Okawaru
 57246 | Elf:3    | Identified the Tome of the Oath
 57286 | Elf:3    | Identified the Catalogue of Conjuration
 57317 | Elf:3    | Reached skill level 26 in Fighting
 57319 | Elf:3    | Received a gift from Okawaru
 57328 | Elf:3    | Got a pair of twisted gloves {god gift}
 57333 | Elf:3    | Identified the +0 pair of gloves of Levity {Str+3 Int+4} (Okawaru gifted it to you on level 3 of the Elven Halls)
 57501 | Elf:3    | Got a smoking copper ring
 57583 | Elf:3    | Reached XP level 23. HP: 158/172 MP: 27/30
 57585 | Elf:3    | Got a sparkling turquoise ring
 57671 | Elf:3    | Identified the Collected Works on Flamy Creation
 57682 | Elf:3    | Identified the ring of Reimbursement {Hunger Dex-3 Int-3} (You took it off a deep elf knight on level 3 of the Elven Halls)
 57683 | Elf:3    | Identified the ring of Muap {rN+ Dex+1 Acc+5} (You took it off a deep elf blademaster on level 3 of the Elven Halls)
 58099 | Depths:1 | Entered Level 1 of the Depths
 58256 | Depths:1 | Paralysed by a giant eyeball for 4 turns
 58728 | Depths:1 | Found a gateway to Hell.
 58765 | Depths:1 | Received a gift from Okawaru
 60328 | Depths:3 | Noticed Jory
 60353 | Depths:3 | Killed Jory
 60740 | Depths:3 | Received a gift from Okawaru
 61018 | Depths:3 | Paralysed by a giant eyeball for 4 turns
 61929 | Depths:3 | Paralysed by a giant eyeball for 4 turns
 61941 | Depths:3 | Paralysed by a giant eyeball for 2 turns
 61954 | Depths:3 | Received a gift from Okawaru
 61955 | Depths:3 | Paralysed by a giant eyeball for 4 turns
 61976 | Depths:3 | Reached XP level 24. HP: 100/180 MP: 14/31
 62185 | Depths:3 | Found a one-way gate leading to the halls of Pandemonium.
 62207 | Depths:3 | Received a gift from Okawaru
 62237 | Depths:3 | Reached skill level 27 in Fighting
 62255 | Depths:3 | Identified the Guide on Self-Knowledge and the Volcanoes
 62276 | Depths:3 | Got a smoking cloak
 62277 | Depths:3 | Identified the +2 cloak of Faveog {+Inv rElec Int+1 Dam+3 SInv} (You found it on level 3 of the Depths)
 62518 | Depths:4 | Found a glowing golden altar of the Shining One.
 62769 | Depths:4 | Found a gateway to a ziggurat.
 62849 | Depths:4 | Received a gift from Okawaru
 62855 | Depths:4 | Got a pair of encrusted boots {god gift}
 62858 | Depths:4 | Identified the -2 pair of boots "Ireeno Gamo" {+Inv rF+ rN+} (Okawaru gifted it to you on level 4 of the Depths)
 63511 | Depths:5 | Entered Level 5 of the Depths
 63516 | Depths:5 | Paralysed by a giant eyeball for 2 turns
 63526 | Depths:5 | Paralysed by a giant eyeball for 2 turns
 63603 | Depths:5 | Noticed the Enchantress
 63618 | Depths:5 | Killed the Enchantress
 64319 | Depths:5 | Found a gate to the Realm of Zot.
 64607 | Depths:5 | Received a gift from Okawaru
 65424 | Vaults:5 | Entered Level 5 of the Vaults
 66483 | Slime:1  | Entered Level 1 of the Pits of Slime
 66536 | Slime:1  | Paralysed by a giant eyeball for 4 turns
 66762 | Slime:2  | Paralysed by a giant eyeball for 4 turns
 66770 | Slime:2  | Paralysed by a giant eyeball for 4 turns
 66776 | Slime:2  | Reached XP level 25. HP: 179/187 MP: 31/31
 66778 | Slime:2  | Paralysed by a giant eyeball for 3 turns
 66784 | Slime:2  | Paralysed by a giant eyeball for 4 turns
 67351 | Slime:3  | Paralysed by a giant eyeball for 2 turns
 67365 | Slime:3  | Paralysed by a giant eyeball for 4 turns
 68549 | Slime:6  | Entered Level 6 of the Pits of Slime
 68553 | Slime:6  | Paralysed by a giant eyeball for 2 turns
 69021 | Slime:6  | Noticed Dissolution
 69076 | Slime:6  | Paralysed by a giant eyeball for 4 turns
 69092 | Slime:5  | Killed Dissolution
 69355 | Slime:6  | Noticed the royal jelly
 69369 | Slime:6  | Killed the royal jelly
 69369 | Slime:6  | Received a gift from Okawaru
 70602 | Slime:6  | Paralysed by a giant eyeball for 3 turns
 70732 | Slime:6  | Identified the Grimoire of Hexes
 70772 | Slime:6  | Got a glittering silver ring
 70800 | Slime:6  | Identified the Grimoire of the Arsonist and Arcane Weapons
 70808 | Slime:6  | Got a slimy rune of Zot
 70817 | Slime:6  | Identified the cursed ring of Finality {Str+3 Int-5 SInv Curse} (You found it on level 6 of the Pits of Slime)
 72593 | Vaults:5 | Reached XP level 26. HP: 183/193 MP: 31/32
 72791 | Vaults:5 | Got a heavily runed steel ring
 72792 | Vaults:5 | Identified the ring "Strakhlyuxt" {SustAb rF+} (You found it on level 5 of the Vaults)
 73299 | Vaults:5 | Got a wavering iron amulet
 73481 | Vaults:5 | Hit by a large rock thrown by a stone giant

Action                   |  1- 3 |  4- 6 |  7- 9 | 10-12 | 13-15 | 16-18 | 19-21 | 22-24 | 25-27 || total
-------------------------+-------+-------+-------+-------+-------+-------+-------+-------+-------++-------
Melee: Flail             |   126 |   222 |    70 |     4 |       |       |       |       |       ||   422
       Whip              |       |       |   712 |  1008 |  1052 |       |       |       |       ||  2772
       Great mace        |       |       |       |       |   973 |  1681 |  1760 |  2021 |   872 ||  7307
Invok: Heroism           |       |       |     4 |     8 |    19 |    12 |     9 |     4 |     5 ||    61
       Finesse           |       |       |       |     1 |     3 |     7 |     2 |     3 |     2 ||    18
 Abil: Fly               |       |       |       |       |       |     1 |       |     2 |       ||     3
       Stop Flying       |       |       |       |       |       |       |     1 |     2 |       ||     3
Evoke: Wand              |       |       |     2 |     6 |     8 |     9 |       |     2 |     8 ||    35
  Use: Scroll            |       |       |    20 |    13 |     9 |    14 |     9 |    14 |     3 ||    82
       Potion            |       |       |       |       |     2 |     6 |     1 |       |    12 ||    21
 Stab: Distracted        |       |       |       |       |       |       |       |     1 |       ||     1
